AoeStats
← [NICE_ASS] BigMasi

Nomad

507343539Analyzed
4v4 RM · 15d ago on Sep 17, 2026· 89m 34s· 8 players
Game mode
Random Map
Map size
231×231
Population
200
Speed
Normal
Resources
Standard
Victory
Conquest
Starting age
Dark Age
Ending age
Imperial Age
RankedLock teamsTeams togetherTeam positionsShared explorationLock speedFull tech treeHidden civsTurbo modeCheats
Victory
Defeat
🇨🇭 Dravidians · Switzerland
1317
+15
🇨🇭 Jurchens · Switzerland
1265
+17
🇨🇭 Chinese · Switzerland
1208
+20
🇨🇭 Franks · Switzerland
1150
+21
🇪🇨 Spanish · Ecuador
1337
-20
🇫🇷 Japanese · France
1308
-19
🇨🇴 Ethiopians · Colombia
1284
-18
🇸🇮 Aztecs · Slovenia
1236
-16
nonoleboss
4:59 Loom
14:50 Feudal Age
18:52 Castle Age
17:21 Double-Bit Axe
17:17 Fishing Lines
17:59 Stone Mining
19:36 Demolition Ship
20:48 Medium Warships
29:24 Squires
32:35 Pikeman
33:30 Scale Mail Armor
39:09 Wheelbarrow
43:33 Imperial Age
41:42 Fletching
41:52 Padded Archer Armor
43:45 Thumb Ring
44:22 Bodkin Arrow
44:43 Leather Archer Armor
44:21 Heavy Cavalry Archer
45:46 Ballistics
56:02 Bracer
69:28 Ring Archer Armor
73:18 Parthian Tactics
77:28 Chemistry
m00n
14:24 Feudal Age
14:31 Man-at-Arms
21:43 Castle Age
20:36 Horse Collar
21:39 Double-Bit Axe
23:02 Wheelbarrow
26:07 Hand Cart
28:45 Loom
29:30 Elite Skirmisher
32:47 Ballistics
32:20 Fletching
33:03 Bodkin Arrow
33:10 Padded Archer Armor
36:34 Heavy Plow
36:47 Bow Saw
37:28 Squires
36:49 Pikeman
41:34 Imperial Age
41:34 Atlatl
42:25 Bracer
43:01 Siege Engineers
43:10 Onager
44:56 Leather Archer Armor
46:40 Crop Rotation
47:06 Scale Mail Armor
47:16 Forging
47:10 Eagle Warrior
47:37 Arson
47:37 Siege Onager
48:32 Elite Jaguar Warrior
49:34 Conscription
49:20 Gold Mining
49:20 Stone Mining
51:25 Garland Wars
52:56 Gold Shaft Mining
52:57 Stone Shaft Mining
53:14 Iron Casting
52:54 Chain Mail Armor
53:42 Chemistry
59:20 Blast Furnace
58:51 Plate Mail Armor
58:18 Murder Holes
58:06 Treadmill Crane
[ECU] QUITUS
4:50 Loom
12:54 Feudal Age
16:17 Castle Age
25:00 Horse Collar
26:21 Double-Bit Axe
28:53 Wheelbarrow
28:38 Padded Archer Armor
29:53 Leather Archer Armor
30:34 Gold Mining
30:58 Bloodlines
31:39 Bow Saw
31:30 Heavy Plow
32:51 Husbandry
33:34 Stone Mining
40:19 Imperial Age
38:42 Hand Cart
39:21 Scale Barding Armor
39:27 Forging
40:38 Chain Barding Armor
40:35 Town Watch
40:22 Light Cavalry
41:42 Iron Casting
41:25 Hussar
43:21 Plate Barding Armor
43:34 Sanctity
43:31 Fervor
44:27 Blast Furnace
49:49 Ring Archer Armor
julianSD7
5:46 Loom
15:47 Feudal Age
16:18 Double-Bit Axe
16:15 Fishing Lines
21:03 Castle Age
23:02 Gillnets
25:24 Wheelbarrow
25:25 Squires
25:16 Arson
25:42 Forging
25:33 Scale Mail Armor
26:59 Iron Casting
27:47 Chain Mail Armor
29:06 Hand Cart
39:05 Fletching
39:15 Padded Archer Armor
41:02 Gold Mining
41:02 Stone Mining
41:39 Bow Saw
43:00 Gold Shaft Mining
43:01 Stone Shaft Mining
42:26 Bodkin Arrow
42:32 Padded Archer Armor
45:26 Imperial Age
45:02 Leather Archer Armor
44:52 Scale Barding Armor
44:37 Crossbowman
45:23 Thumb Ring
44:38 Elite Skirmisher
45:20 Town Watch
47:10 Chemistry
46:31 Ballistics
46:17 Siege Engineers
46:46 Plate Mail Armor
47:16 Blast Furnace
45:43 Elite Shotel Warrior
46:49 Conscription
46:16 Capped Ram
47:36 Bracer
47:17 Siege Ram
49:43 Ring Archer Armor
50:57 Chain Barding Armor
50:35 Murder Holes
50:50 Masonry
52:39 Arbalester
55:16 Architecture
55:43 Torsion Engines
55:44 Royal Heirs
57:01 Medium Warships
64:31 Two-Man Saw
64:08 Stone Shaft Mining
68:54 Heavy Warships
69:06 Halberdier
70:38 Town Patrol
71:53 Light Cavalry
72:34 Husbandry
73:33 Guilds
72:53 Hussar
74:25 Horse Collar
77:04 Heavy Plow
[UKB] Vincent Giovanni
12:35 Loom
15:12 Feudal Age
20:15 Fishing Lines
29:19 Double-Bit Axe
41:55 Castle Age
41:42 Gold Mining
43:12 Bow Saw
43:54 Gold Shaft Mining
45:23 Wheelbarrow
45:04 Stone Mining
46:04 Town Watch
47:40 Scale Barding Armor
48:45 Chain Barding Armor
49:41 Hand Cart
50:42 Forging
52:07 Husbandry
53:06 Iron Casting
54:10 Medium Warships
60:29 Imperial Age
62:04 Plate Barding Armor
61:58 Cavalier
64:01 Conscription
68:28 Caravan
68:55 Gillnets
77:21 Blast Furnace
78:34 Paladin
82:04 Fletching
85:24 Coinage
[UB] Kühne
5:49 Loom
14:39 Feudal Age
16:06 Double-Bit Axe
18:27 Castle Age
19:34 Forging
19:49 Husbandry
20:00 Bloodlines
20:45 Fletching
23:52 Scale Barding Armor
25:33 Bodkin Arrow
31:16 Gold Mining
38:14 Imperial Age
36:45 Bow Saw
38:20 Town Watch
39:19 Siege Engineers
39:34 Heavy Rocket Cart
40:59 Masonry
40:30 Treadmill Crane
41:46 Ballistics
42:16 Thunderclap Bombs
45:23 Wheelbarrow
44:49 Town Patrol
47:58 Coinage
49:14 Banking
49:23 Architecture
49:32 Conscription
50:59 Fortified Bastions
52:24 Horse Collar
56:38 Heavy Plow
60:40 Capped Ram
60:40 Heavy Scorpion
62:09 Hoardings
62:05 Hand Cart
63:06 Light Cavalry
63:07 Elite Steppe Lancer
65:38 Padded Archer Armor
67:48 Hussar
70:21 Chain Barding Armor
72:34 Plate Barding Armor
75:43 Bracer
77:53 Iron Casting
81:34 Blast Furnace
83:22 Chemistry
85:16 Two-Man Saw
[NICE_ASS] BigMasi
5:14 Loom
13:51 Feudal Age
15:13 Fishing Lines
15:26 Gold Mining
15:24 Double-Bit Axe
16:35 Horse Collar
19:53 Castle Age
17:50 Fishing Lines
20:45 Gillnets
22:23 Bow Saw
23:08 Wheelbarrow
22:32 Fletching
23:13 Bodkin Arrow
24:14 Padded Archer Armor
24:53 Ballistics
28:45 Leather Archer Armor
30:10 Thumb Ring
31:15 Hand Cart
35:25 Imperial Age
33:30 Medical Corps
36:10 Bracer
36:40 Ring Archer Armor
37:12 Chemistry
36:41 Squires
36:27 Gambesons
36:02 Man-at-Arms
36:28 Arson
37:18 Scale Barding Armor
37:22 Husbandry
40:14 Elite Elephant Archer
41:08 Long Swordsman
42:23 Conscription
42:05 Stone Mining
43:34 Scale Mail Armor
43:44 Forging
44:40 Two-Man Saw
45:03 Chain Mail Armor
44:24 Siege Elephant
48:07 Iron Casting
48:03 Plate Mail Armor
47:19 Two-Handed Swordsman
47:36 Pikeman
53:20 Blast Furnace
56:49 Wootz Steel
56:28 Champion
72:17 Halberdier
87:18 Caravan
hanibalX
3:43 Loom
14:06 Feudal Age
14:58 Double-Bit Axe
17:01 Fishing Lines
17:38 Fletching
19:22 Wheelbarrow
21:55 Castle Age
20:50 Padded Archer Armor
22:53 Bodkin Arrow
23:14 Leather Archer Armor
23:18 Bow Saw
25:30 Gillnets
26:02 Medium Warships
32:51 Ballistics
37:36 Horse Collar
39:10 Thumb Ring
41:17 Heavy Plow
42:11 Masonry
46:29 Imperial Age
44:28 Murder Holes
45:26 Hand Cart
44:57 Town Watch
47:33 Conscription
47:35 Rocketry
48:49 Chemistry
48:20 Architecture
52:20 Demolition Ship
53:28 Gold Mining
53:29 Stone Mining
54:22 Elite Chu Ko Nu
59:51 Heavy Rocket Cart
70:24 Heavy Warships
83:13 Caravan
84:29 Ring Archer Armor
86:48 Bracer
Connection lost

Rejoining the realm…

Still unreachable

The connection could not be restored.

Session expired

The server has moved on; the page needs a fresh start.